 Dungeon Crawl Stone Soup version 0.28-a0-46-g7b1be97da7 (webtiles) character file.

Game seed: 10273222886365742389

9937 HAL9000 the Grappler (level 11, 0/89 HPs)
             Began as a White Draconian Transmuter on July 29, 2021.
             Was an Elder of Elyvilon.
             Slain by a blink frog (11 damage)
             ... on level 2 of the Lair of Beasts.
             The game lasted 00:30:56 (17649 turns).

HAL9000 the Grappler (White Draconian Transmuter)  Turns: 17649, Time: 00:30:57

Health: 0/89       AC: 11    Str: 15    XL:     11   Next: 29%
Magic:  20/22      EV: 13    Int: 15    God:    Elyvilon [****..]
Gold:   469        SH:  0    Dex: 11    Spells: 1/25 levels left

rFire   . . .      SeeInvis .     - Unarmed
rCold   + . .      Faith    .   (no shield)
rNeg    . . .      Spirit   .   (armour unavailable)
rPois   .          Reflect  .   (helmet restricted)
rElec   .          Harm     .   v - +0 cloak
rCorr   .          Rampage  .   (no gloves)
Will    .....                   i - +2 pair of boots
Stlth   +.........              (no amulet)
HPRegen 0.24/turn               L - ring of wizardry
MPRegen 0.18/turn               (no ring)

@: studying Spellcasting
A: breathe frost, AC +7, unfitting armour, cold resistance 1, cold-blooded
a: Breathe Frost, Renounce Religion, Lesser Healing, Heal Other, Purification,
Greater Healing, Divine Protection


You were on level 2 of the Lair of Beasts.
You worshipped Elyvilon.
Elyvilon was greatly pleased with you.
You visited 3 branches of the dungeon, and saw 12 of its levels.

You collected 616 gold pieces.
You spent 147 gold pieces at shops.

Inventory:

Hand Weapons
 E - a +3 hand crossbow
 J - a +4 scimitar of flaming
Missiles
 c - 85 poisoned darts
 h - 7 boomerangs
 l - 7 curare-tipped darts (quivered)
 n - 2 javelins
 F - 50 bolts
 M - 2 throwing nets
Armour
 i - a +2 pair of boots (worn)
 v - a +0 cloak (worn)
 H - a +0 kite shield
Magical Staves
 s - a staff of fire
Jewellery
 d - a ring of ice
 q - a ring of ice
 C - a ring of fire
 L - a ring of wizardry (left hand)
Wands
 y - a wand of polymorph (9)
 I - a wand of mindburst (8)
Scrolls
 a - 3 scrolls of enchant armour
 b - a scroll of enchant weapon
 k - a scroll of fear
 t - a scroll of immolation
 w - a scroll of teleportation
 x - a scroll of blinking
 A - a scroll of fog
 B - a scroll of summoning
 G - a scroll of vulnerability
Potions
 e - 2 potions of brilliance {unknown}
 g - 4 potions of flight
 j - a potion of resistance
 m - 5 potions of heal wounds
 o - 2 potions of mutation
 p - a potion of curing
 r - a potion of lignification
 u - 2 potions of attraction


   Skills:
 - Level 6.0 Fighting
 - Level 5.1 Dodging
 - Level 10.4 Unarmed Combat
 - Level 7.5 Spellcasting
 + Level 9.0 Transmutations
 - Level 4.2 Air Magic
 * Level 5.8 Earth Magic


You had one spell level left.
You knew the following spells:

 Your Spells              Type           Power      Damage    Failure   Level
a - Beastly Appendage     Tmut           64%        N/A       1%          1
b - Wereblood             Tmut           32%        N/A       1%          2
c - Spider Form           Tmut/Pois      9%         N/A       2%          3
d - Swiftness             Air            18%        N/A       2%          3
e - Leda's Liquefaction   Hex/Erth       7%         N/A       16%         4
f - Blade Hands           Tmut           16%        N/A       3%          5
g - Statue Form           Tmut/Erth      18%        N/A       34%         6

Your spell library contained the following spells:

 Spells                   Type           Power      Damage    Failure   Level
 Sting                    Tmut/Pois      76%        1d6       1%          1
 Animate Skeleton         Necr           10%        N/A       5%          1
 Apportation              Tloc           10%        N/A       5%          1
 Corona                   Hex            5%         N/A       5%          1
 Summon Small Mammal      Summ           20%        N/A       5%          1
 Passwall                 Tmut/Erth      22%        N/A       1%          2
 Poisonous Vapours        Pois/Air       24%        N/A       3%          2
 Ice Form                 Ice/Tmut       19%        N/A       9%          4
 Ozocubu's Armour         Ice            5%         N/A       16%         3
 Portal Projectile        Hex/Tloc       10%        N/A       16%         3
 Olgreb's Toxic Radiance  Pois           5%         N/A       43%         4
 Bolt of Magma            Conj/Fire/Erth 5%         4d5       50%         5
 Excruciating Wounds      Necr           2%         N/A       77%         5
 Metabolic Englaciation   Hex/Ice        2%         N/A       77%         5
 Invisibility             Hex            2%         N/A       99%         6
 Simulacrum               Ice/Necr       2%         N/A       99%         6


Dungeon Overview and Level Annotations

Branches:
Dungeon (9/15)             Temple (1/1) D:5            Lair (2/6) D:9
    Orc (0/2) D:9
  Swamp: Lair:2-4    Shoals: Lair:2-4     Snake: Lair:2-4    Spider: Lair:2-4

Altars:
Ashenzari
Dithmenos
Elyvilon
Fedhas
Gozag
Hepliaklqana
Kikubaaqudgha
Makhleb
Nemelex Xobeh
Okawaru
Ru
Sif Muna
Trog
Uskayaw
Vehumet
Wu Jian
Xom
Yredelemnul
Zin
The Shining One
Beogh

Shops:
D:6 *(?(   D:9 *

Portals:
Abyss: D:3

Annotations:
D:3 2 transporters, lupus83's ghost, amateur OpMo
D:4 1 runed translucent door, Necrophagist's ghost, novice DjFE
D:7 Duvessa
D:8 3 runed translucent doors, loom's ghost, novice DjAE


Innate Abilities, Weirdness & Mutations

You can breathe waves of freezing cold which knock back foes.
Your icy white scales are hard. (AC +7)
You cannot fit into any form of body armour.
Your flesh is cold resistant. (rC+)
You are cold-blooded and may be slowed by cold attacks.


Message History

The blink frog blinks!
The blink frog croaks.
The blink frog blinks!
The blink frog hits you.
The blink frog blinks!
The blink frog hits you but does no damage.
You turn to flesh and can move again.
You miss the blink frog.
Your tail-slap misses the blink frog.
The blink frog hits you! x2
The blink frog hits you but does no damage. x2
You are too injured to fight recklessly!
Unknown command.
The blink frog blinks!
Okay, then.
You barely miss the blink frog.
The blink frog blinks!
The blink frog hits you but does no damage.
The blink frog closely misses you.
Unknown command.
The blink frog blinks! x2; The blink frog closely misses you. x2
The blink frog blinks!
The blink frog hits you but does no damage.
The blink frog blinks!
The blink frog hits you.
* * * LOW HITPOINT WARNING * * *
The blink frog barely misses you. The blink frog hits you!
* * * LOW HITPOINT WARNING * * *
The blink frog blinks!
You closely miss the blink frog. Your punch misses the blink frog.
The blink frog hits you but does no damage.
Unknown command.
The blink frog blinks!
The blink frog hits you.
* * * LOW HITPOINT WARNING * * *
The blink frog blinks!
The blink frog misses you. The blink frog closely misses you.
The blink frog hits you.
* * * LOW HITPOINT WARNING * * *
The blink frog hits you but does no damage.
There is a stone staircase leading up here.
Unknown command.
The blink frog hits you!
You die...

.............
............
#..........
#........###
#.†.....P.P#
#........... ##
#...........
####P###..##P......
.......@.#.##......
......FFF.## #.....
#######..### .....
#.F.#.# ....
#....## ...
##..#### ...
#P#...#.##....
#.........F...
###.....F.....


You could see 4 blink frogs.

Vanquished Creatures
  Erica (D:9)
  A two-headed ogre (D:8)
  3 death yaks
  Sonja (Lair:1)
  Pikel (D:7)
  A komodo dragon (D:6)
  Grinder (D:6)
  A hornet (D:9)
  2 blink frogs (Lair:2)
  A wyvern (D:8)
  9 yaks
  2 basilisks (Lair:2)
  2 vampire mosquitoes (D:8)
  A steam dragon (D:9)
  Menkaure (D:5)
  2 orc warriors (D:9)
  An ice beast (D:8)
  2 black bears
  A necrophage (D:3)
  An ogre (D:5)
  2 centaurs
  A phantom (D:4)
  A lemure (D:7)
  3 kobold brigands
  A gnoll sergeant (D:8)
  3 bullfrogs
  2 scorpions
  A water moccasin zombie (D:6)
  Dowan (D:7)
  A water moccasin skeleton (D:5)
  A killer bee (D:7)
  2 howler monkeys (D:6)
  A bullfrog zombie (D:5)
  A centaur zombie (D:6)
  5 hounds
  3 orc priests
  4 hell rats (D:9)
  4 iguanas
  5 orc wizards
  A killer bee zombie (D:8)
  A howler monkey zombie (D:7)
  8 gnolls
  2 adders (D:5)
  2 river rats (D:9)
  A shadow imp (D:8)
  A white imp (D:5)
  2 ufetubi
  An adder zombie (D:5)
  5 worms
  2 dart slugs
  18 orcs
  5 endoplasms
  A giant cockroach (D:3)
  8 goblins
  3 hobgoblins
  3 jackals (D:5)
  22 kobolds
  A quokka (D:4)
  10 ball pythons
  3 bats (D:1)
  5 frilled lizards
  9 rats
191 creatures vanquished.

Vanquished Creatures (others)
  A sky beast (D:6)
  3 fungi
  3 plants (Lair:2)
7 creatures vanquished.

Grand Total: 198 creatures vanquished

Notes
Turn   | Place    | Note
-------+----------+-------------------------------------------
     0 | D:1      | HAL9000 the Draconian Transmuter began the quest for the
                  | Orb.
     0 | D:1      | Reached XP level 1. HP: 16/16 MP: 3/3
   318 | D:1      | Reached XP level 2. HP: 21/23 MP: 3/5
   853 | D:1      | Found a faded altar of an unknown god.
  1436 | D:2      | Reached XP level 3. HP: 28/28 MP: 4/6
  1464 | D:2      | Learned a level 2 spell: Wereblood
  1468 | D:2      | Learned a level 3 spell: Spider Form
  1769 | D:3      | Found a transporter.
  1787 | D:3      | Noticed a toenail golem
  1791 | D:3      | Found a one-way gate to the infinite horrors of the Abyss.
  1791 | D:3      | Noticed lupus83's ghost (amateur OpMo)
  1795 | D:3      | Noticed a kobold brigand
  1797 | D:3      | Noticed a small abomination
  2248 | D:3      | Found a transporter.
  2543 | D:4      | Noticed a necrophage
  2853 | D:3      | Killed a necrophage
  2854 | D:3      | Reached skill level 5 in Transmutations
  2854 | D:3      | Reached XP level 4. HP: 5/35 MP: 5/7
  2854 | D:3      | Reached XP level 5. HP: 6/40 MP: 5/8
  3224 | D:4      | Noticed Necrophagist's ghost (novice DjFE)
  3226 | D:4      | Found a runed translucent door.
  3816 | D:4      | Found an opulent altar of Gozag.
  4055 | D:4      | Noticed a moth of wrath
  4058 | D:4      | Found a bloodstained altar of Trog.
  4441 | D:5      | Entered Level 5 of the Dungeon
  4789 | D:5      | Noticed a phantom
  4789 | D:5      | Noticed a centaur
  4801 | D:4      | Reached XP level 6. HP: 45/47 MP: 6/9
  5470 | D:5      | Reached skill level 4 in Unarmed Combat
  5635 | D:5      | Noticed Menkaure
  5659 | D:5      | Your scales start taking on an icy white colour.
  5659 | D:5      | Reached XP level 7. HP: 12/57 MP: 6/10
  5659 | D:5      | Gained mutation: Your flesh is cold resistant. (rC+) [White
                  | Draconian growth]
  5903 | D:5      | Killed Menkaure
  6226 | D:5      | Found a staircase to the Ecumenical Temple.
  6231 | Temple   | Entered the Ecumenical Temple
  6409 | Temple   | Became a worshipper of Elyvilon the Healer
  6463 | D:5      | Reached skill level 5 in Unarmed Combat
  7075 | D:6      | Found Illu's Magic Scroll Boutique.
  7081 | D:6      | Bought a scroll of teleportation for 42 gold pieces
  7081 | D:6      | Bought a scroll of blinking for 105 gold pieces
  7081 | D:6      | Found Arghes's General Store.
  7098 | D:6      | Reached skill level 6 in Unarmed Combat
  7120 | D:6      | Reached XP level 8. HP: 62/67 MP: 11/11
  7443 | D:6      | Found Oren's Antique Weapon Shoppe.
  7878 | D:5      | Reached skill level 5 in Fighting
  8012 | D:6      | Noticed a komodo dragon
  8034 | D:6      | Killed a komodo dragon
  8035 | D:6      | Reached skill level 7 in Unarmed Combat
  8167 | D:6      | Reached * piety under Elyvilon
  8180 | D:6      | Reached skill level 8 in Unarmed Combat
  8358 | D:6      | Noticed Grinder
  8410 | D:6      | Paralysed by Grinder for 5 turns
  8416 | D:6      | Killed Grinder
  8417 | D:6      | Reached skill level 9 in Unarmed Combat
  8417 | D:6      | Reached XP level 9. HP: 23/75 MP: 12/12
  8854 | D:6      | Learned a level 3 spell: Swiftness
  8902 | D:6      | Found a basalt altar of Yredelemnul.
  9281 | D:6      | Found Kisif's Weapon Boutique.
  9637 | D:7      | Noticed Pikel
  9662 | D:7      | Killed Pikel
  9663 | D:7      | Reached skill level 10 in Unarmed Combat
 10294 | D:7      | Noticed Dowan
 10312 | D:7      | Killed Dowan
 10318 | D:7      | Reached ** piety under Elyvilon
 10326 | D:7      | Noticed Duvessa
 10344 | D:7      | Found a shimmering blue altar of Sif Muna.
 10894 | D:8      | Reached skill level 5 in Dodging
 11684 | D:8      | Found a runed translucent gate.
 11686 | D:8      | Identified the +0 chain mail of Watchfulness {Harm rElec}
 11688 | D:8      | Found a runed translucent gate.
 11689 | D:8      | Found a runed translucent gate.
 11690 | D:8      | Noticed loom's ghost (novice DjAE)
 11830 | D:8      | Learned a level 4 spell: Leda's Liquefaction
 11916 | D:9      | Found Loloyfiudi's General Store.
 11997 | D:9      | Found a staircase to the Lair.
 11997 | D:9      | Noticed a death yak
 11997 | D:9      | Noticed a death yak
 12560 | D:9      | Noticed a two-headed ogre
 12569 | D:9      | Noticed Erica
 12597 | D:9      | Elyvilon protects you from harm!
 12598 | D:9      | Killed Erica
 12599 | D:9      | Reached XP level 10. HP: 13/83 MP: 13/17
 12899 | D:9      | Reached *** piety under Elyvilon
 12951 | D:9      | Reached skill level 5 in Spellcasting
 13527 | D:9      | Noticed a death yak
 13713 | D:8      | Killed a death yak
 14244 | D:8      | Killed a two-headed ogre
 14737 | D:8      | Learned a level 5 spell: Blade Hands
 14900 | D:9      | Reached skill level 1 in Earth Magic
 15029 | D:9      | Reached skill level 1 in Air Magic
 15292 | D:9      | Paralysed by a hornet for 1 turns
 15707 | D:8      | Killed a death yak
 16018 | D:9      | Killed a death yak
 16019 | D:9      | Reached XP level 11. HP: 89/89 MP: 14/22
 16182 | D:9      | Found a staircase to the Orcish Mines.
 16224 | D:9      | Reached skill level 5 in Earth Magic
 16360 | Lair:1   | Entered Level 1 of the Lair of Beasts
 16891 | Lair:1   | Reached **** piety under Elyvilon
 16922 | Lair:1   | Noticed Sonja
 16926 | Lair:1   | Killed Sonja
 17460 | Lair:2   | Noticed a catoblepas
 17591 | Lair:2   | Learned a level 6 spell: Statue Form
 17649 | Lair:2   | Slain by a blink frog

Illustrated notes

Levels and vault maps discovered:
D:1:      lemuel_arrival_room, layout_basic,
          hellmonk_ecumenical_altar_leap_of_faith, minmay_misc_feat_rugged,
          minmay_misc_feat_tower
D:2:      layout_basic
D:3:      layout_rooms, gammafunk_ghost_abyssal_escape, minmay_three_crescents
D:4:      layout_loops_ring, mainiacjoe_overflow_cross_hatched, tgw_trog,
          hellmonk_ghost_happy_afterlife
D:5:      minmay_evil_eye, layout_rooms, minmay_temple_entry_butterflies,
          uniq_menkaure
D:6:      layout_loops_cross, nicolae_overflow_hidden_temple, serial_shops,
          shop, shop_fountains, shop, nicolae_shop_waterfront,
          minmay_manual_monstrance, uniq_grinder
D:7:      layout_basic, nicolae_sif_muna_condensation, st_stairs_7,
          kennysheep_generic_room_13, uniq_pikel, uniq_duvessa
D:8:      layout_basic, biasface_ghost_orc_armoury
D:9:      layout_long_grid, dpeg_lair_monsters, minmay_orc_entry_temple_small,
          minmay_shop_grid_forest, uniq_erica
Temple:   regret_index_temple_sphere_string
Lair:1:   layout_roguey, hibernation_bobbens, lemuel_fruit_fields, uniq_sonja
Lair:2:   layout_chaotic_city, minmay_shoals_entry_hut, ebering_ghost_xom,
          chequers_serial_rivers_marsh, chequers_serial_rivers_micro_a,
          grunt_megastairs_4

Skill      XL: |  1  2  3  4  5  6  7  8  9 10 11 |
---------------+----------------------------------+-----
Transmutations | 3 5 6 7 8 9 |  9.0
Fighting       | 3 4 6 |  6.0
Unarmed Combat | 4 6 9 10 | 10.4
Dodging        | 5 |  5.1
Spellcasting   | 4 7 |  7.5
Earth Magic    | 4 5 |  5.8
Air Magic      | 3 4 |  4.2

Action                   |  1- 3 |  4- 6 |  7- 9 | 10-12 || total
-------------------------+-------+-------+-------+-------++-------
Melee: Unarmed           |   138 |   140 |   283 |   152 ||   713
       Headbutt          |     9 |    19 |    28 |     8 ||    64
       Kick              |    17 |    24 |    37 |    15 ||    93
       Tailslap          |    11 |    18 |    30 |    14 ||    73
       Punch             |     1 |     3 |     4 |     4 ||    12
Throw: Dart              |     1 |       |    49 |     7 ||    57
       Javelin           |       |       |       |     2 ||     2
 Cast: Beastly Appendage |    28 |    19 |    30 |    13 ||    90
       Wereblood         |     4 |     8 |    18 |    12 ||    42
       Spider Form       |     1 |     2 |     3 |       ||     6
       Blade Hands       |       |       |       |    14 ||    14
Invok: Divine Protection |       |       |     1 |       ||     1
 Abil: Breathe Frost     |       |       |     7 |     3 ||    10
Evoke: Wand              |       |       |       |     1 ||     1
  Use: Scroll            |       |     5 |     8 |     9 ||    22
       Potion            |       |       |     2 |     2 ||     4
 Stab: Sleeping          |     3 |       |       |       ||     3
Armor: Skin              |    41 |    46 |   110 |    48 ||   245
Dodge: Dodged            |    85 |    81 |   196 |    91 ||   453

Table legend: (Time is in decaauts)
 A = Elapsed time spent in this place.
 B = Non-inter-level travel time spent in this place.
 C = Inter-level travel time spent in this place.
 D = Time resting spent in this place.
 E = Time spent auto-exploring this place.
 F = Levels seen in this place.
 G = Mean time per level.
                   A        B        C        D        E       F      G
               +--------+--------+--------+--------+--------+-----+--------+
         Total |  17599 |  16613 |    986 |   6291 |   7475 |  12 | 1466.6 |
       Dungeon |  16104 |  15286 |    818 |   6075 |   6538 |   9 | 1789.3 |
        Temple |    206 |    146 |     60 |      0 |    143 |   1 |  206.0 |
          Lair |   1287 |   1179 |    108 |    216 |    794 |   2 |  643.5 |
               +--------+--------+--------+--------+--------+-----+--------+

Top non-repeatable levels by time:
     D:8: 3552 daAuts
     D:4: 2453 daAuts
     D:9: 2007 daAuts
     D:6: 1857 daAuts
     D:5: 1773 daAuts
     D:7: 1431 daAuts
  Lair:1: 1094 daAuts
     D:2: 1057 daAuts
     D:3: 1055 daAuts
     D:1: 915 daAuts
  Temple: 206 daAuts
  Lair:2: 193 daAuts
